 Dungeon Crawl Stone Soup version 0.28.0 (webtiles) character file.

Game seed: 10851947285810394795

37 wat the Shield-Bearer (level 3, 0/24 HPs)
             Began as a Gargoyle Fighter on Feb 7, 2022.
             Slain by a gnoll (9 damage)
             ... on level 2 of the Dungeon.
             The game lasted 00:01:03 (860 turns).

wat the Shield-Bearer (Gargoyle Fighter)             Turns: 860, Time: 00:01:03

Health: 0/24       AC: 13    Str: 21    XL:     3   Next: 39%
Magic:  3/3        EV:  7    Int:  8    God:
Gold:   61         SH:  4    Dex:  9    Spells: 2/2 levels left

rFire   . . .      SeeInvis .   a - +0 war axe
rCold   . . .      Faith    .   c - +0 buckler
rNeg    + . .      Spirit   .   f - +0 chain mail
rPois   ∞          Reflect  .   e - +0 helmet
rElec   +          Harm     .   (no cloak)
rCorr   .          Rampage  .   (no gloves)
Will    .....                   (no boots)
Stlth   ..........              (no amulet)
HPRegen 0.08/turn               (no ring)
MPRegen 0.08/turn               (no ring)

@: no status effects
A: sickness immunity, AC +3, negative energy resistance 1, electricity
resistance, torment resistance 1, petrification resistance
a: no special abilities


You were on level 2 of the Dungeon.
You visited 1 branch of the dungeon, and saw 2 of its levels.

You collected 61 gold pieces.

Inventory:

Hand Weapons
 a - a +0 war axe (weapon)
Missiles
 h - 16 sling bullets
Armour
 c - a +0 buckler (worn)
 e - a +0 helmet (worn)
 f - a +0 chain mail (worn)
Scrolls
 b - a scroll of silence {unknown}
Potions
 d - 2 potions of might
 g - a potion of curing {unknown}


   Skills:
 + Level 3.7 Fighting
 + Level 2.2 Axes
 + Level 3.6 Armour
 + Level 3.7 Shields


You had 2 spell levels left.
You didn't know any spells.
Your spell library was empty.

Dungeon Overview and Level Annotations

Branches:
Dungeon (2/15)

Altars:

Shops:
D:1 *


Innate Abilities, Weirdness & Mutations

You are immune to sickness and miasma.
Your stone body is resilient. (AC +3)
You are immune to poison.
You resist negative energy. (rN+)
You are resistant to electric shocks. (rElec)
You are resistant to unholy torment.
You are immune to petrification.


Message History

No target in view!
Done exploring.
No target in view!
Done exploring.
No target in view!
Done exploring.
(D) Dungeon
Where to? (Enter - D:1 @ (x,y), ? - help)
There is a stone staircase leading down here.
You climb downwards.
There is a stone staircase leading up here.
Found a crooked jewelled staff.
A gnoll comes into view. It is wielding a +0 whip.
The gnoll shouts!
You hear a shout!
A gnoll is nearby!
A gnoll is nearby!
A gnoll comes into view. It is wielding a +0 flail.
A ball python comes into view.
The ball python hisses angrily.
A gnoll comes into view. It is wielding a +0 flail.
You closely miss the gnoll. The gnoll hits you but does no damage.
You slash the gnoll!
The gnoll is severely wounded.
The gnoll hits you with a +0 flail!
You slash the gnoll!
You kill the gnoll!
You slash the gnoll! You closely miss the ball python.
The ball python bites you but does no damage.
The ball python grabs you. The ball python constricts you.
The gnoll hits you but does no damage.
The ball python bites you but does no damage.
The ball python constricts you. The gnoll hits you but does no damage.
You escape the ball python's grasp.
The gnoll hits you with a +0 flail.
The ball python bites you but does no damage.
The ball python closely misses you.
You slash the ball python!
You kill the ball python!
The gnoll hits you with a +0 flail!
You die...

#.........
#.........
#.........
+.........
###.........
...........
#.)|......
#.#######.........
#.....@gg.........
########..........
#..........
#..........
#.#+#######
#.#.#######
#..........
#######.############
...................#


You could see 2 gnolls.

Vanquished Creatures
  A gnoll (D:2)
  2 ball pythons
  3 endoplasms (D:1)
  A giant cockroach (D:1)
  3 goblins (D:1)
  2 hobgoblins (D:1)
  3 jackals (D:1)
  3 kobolds (D:1)
  2 bats (D:1)
  3 rats (D:1)
23 creatures vanquished.

Notes
Turn   | Place    | Note
-------+----------+-------------------------------------------
     0 | D:1      | wat the Gargoyle Fighter began the quest for the Orb.
     0 | D:1      | Reached XP level 1. HP: 14/14 MP: 1/1
    70 | D:1      | Reached XP level 2. HP: 17/19 MP: 2/2
   340 | D:1      | Found Ixtut's General Store.
   664 | D:1      | Reached XP level 3. HP: 23/23 MP: 3/3
   860 | D:2      | Slain by a gnoll

Illustrated notes

Levels and vault maps discovered:
D:1:      heliophobic_arrival_enchanted_forest, layout_basic, serial_shops,
          nicolae_shop_hallway_stairs, chequers_serial_rivers_room_b
D:2:      layout_basic, nicolae_ecumenical_pavilion, serial_corexii_hall,
          corexii_hall_statues_t, corexii_hall_statues_l, uniq_sigmund

Skill      XL: |  1  2 |
---------------+-------+-----
Axes           | 2 |  2.2
Fighting       | |  3.7
Armour         | |  3.6
Shields        | |  3.7

Action                   || total
-------------------------++-------
Melee: War axe           ||    58
Armor: Scale mail        ||    23
       Chain mail        ||    28
Dodge: Dodged            ||    25
Block: Buckler           ||     9
